 Dungeon Crawl Stone Soup version 0.29-a0-330-g52719c12eb (webtiles) character file.

Game seed: 10424744137037200685

30740 Anon1729 the Cleaver (level 13, 0/114 HPs)
             Began as a Minotaur Monk on Apr 30, 2022.
             Was an Initiate of Yredelemnul.
             Slain by a 16-headed hydra (13 damage)
             ... on level 4 of the Lair of Beasts.
             The game lasted 00:13:38 (20712 turns).

Anon1729 the Cleaver (Minotaur Monk)               Turns: 20712, Time: 00:13:38

Health: 0/114      AC: 18    Str: 23    XL:     13   Next: 22%
Magic:  21/21      EV: 10    Int:  7    God:    Yredelemnul [......]
Gold:   1222       SH:  5    Dex: 13    Spells: 12/12 levels left

rFire   + . .      SeeInvis .   G - +2 war axe (freeze)
rCold   . . .      Faith    .   (no shield)
rNeg    . . .      Spirit   .   R - +0 plate armour "Sixafieh" {rPois rF+ Str+2}
rPois   +          Reflect  +   (helmet restricted)
rElec   .          Harm     .   i - +1 cloak
rCorr   +          Rampage  .   (no gloves)
Will    .....                   (no boots)
Stlth   ..........              x - amulet of reflection
HPRegen 0.29/turn               r - ring of resist corrosion
MPRegen 0.17/turn               (no ring)

@: no status effects
A: horns 2, retaliatory headbutt
a: Renounce Religion, Recall Undead Harvest


You were on level 4 of the Lair of Beasts.
You worshipped Yredelemnul.
Yredelemnul was pleased with you.
You visited 2 branches of the dungeon, and saw 16 of its levels.

You collected 1222 gold pieces.

Inventory:

Hand Weapons
 a - a +0 hand axe
 G - a +2 war axe of freezing (weapon)
 U - a +0 demon whip of venom
Missiles
 p - 2 throwing nets (quivered)
Armour
 b - a +0 robe
 i - a +1 cloak (worn)
 m - a +0 chain mail
 I - a +0 pair of gloves
 R - the +0 plate armour "Sixafieh" (worn) {rPois rF+ Str+2}
   (You found it on level 11 of the Dungeon)

   Str:       It affects your strength (+2).
   rF:        It protects you from fire.
   rPois:     It protects you from poison.
Jewellery
 r - a ring of resist corrosion (left hand)
 x - an amulet of reflection (around neck)
 D - an amulet of magic regeneration
 Q - the ring of Feg Oxaitso {Fire Str+4 Int+5 Dex-2}
   (You found it on level 11 of the Dungeon)

   [ring of fire]

   It enhances your fire magic.
   Str:       It affects your strength (+4).
   Int:       It affects your intelligence (+5).
   Dex:       It affects your dexterity (-2).
   rF:        It protects you from fire.
   rC:        It makes you vulnerable to cold.
 V - a ring of poison resistance
 W - a ring of positive energy
Wands
 u - a wand of iceblast (17)
 z - a wand of polymorph (11)
 B - a wand of flame (20)
 F - a wand of charming (4)
Scrolls
 d - 16 scrolls of identify {unknown}
 f - 3 scrolls of fear {unknown}
 g - 3 scrolls of amnesia {unknown}
 h - 12 scrolls of teleportation {unknown}
 k - 3 scrolls of noise {unknown}
 l - 3 scrolls of enchant armour {unknown}
 q - 3 scrolls of enchant weapon {unknown}
 w - a scroll of acquirement {unknown}
 y - 2 scrolls of immolation {unknown}
 A - 2 scrolls of fog {unknown}
 C - 3 scrolls of blinking {unknown}
 J - 2 scrolls of holy word {unknown}
 K - 3 scrolls of vulnerability {unknown}
 L - a scroll of magic mapping {unknown}
 S - a scroll of summoning {unknown}
Potions
 c - 4 potions of ambrosia
 e - a potion of haste
 j - 5 potions of curing {unknown}
 n - 7 potions of brilliance
 o - a potion of degeneration
 s - a potion of attraction {unknown}
 t - 2 potions of resistance {unknown}
 v - 2 potions of magic {unknown}
 E - a potion of experience {unknown}
 H - 7 potions of lignification
 M - a potion of mutation {unknown}
 N - a potion of heal wounds {unknown}
 O - a potion of flight {unknown}
 T - 3 potions of invisibility {unknown}
 X - a potion of cancellation {unknown}
 Y - a potion of might {unknown}
Miscellaneous
 P - a box of beasts


   Skills:
 + Level 10.6 Fighting
 * Level 14.6 Axes
 + Level 13.0 Armour
 - Level 8.3 Dodging
 - Level 1.5 Stealth
 * Level 12.0 Invocations


You had 12 spell levels left.
You didn't know any spells.
Your spell library contained the following spells:

 Spells                   Type           Power      Damage    Failure   Level
 Magic Dart               Conj           0%         1d3       99%         1
 Corpse Rot               Necr/Air       0%         N/A       100%        2
 Poisonous Vapours        Pois/Air       0%         N/A       100%        2
 Searing Ray              Conj           0%         2d4       100%        2
 Sublimation of Blood     Necr           0%         N/A       100%        2
 Wereblood                Tmut           0%         N/A       100%        2
 Portal Projectile        Hex/Tloc       0%         N/A       100%        3
 Animate Armour           Summ/Erth      0%         N/A       100%        4
 Fulminant Prism          Conj/Hex       0%         3d6       100%        4
 Iskenderun's Mystic Bla  Conj/Tloc      0%         2d3       100%        4
 Blade Hands              Tmut           0%         N/A       100%        5
 Excruciating Wounds      Necr           0%         N/A       100%        5
 Lee's Rapid Deconstruct  Erth           0%         3d5*      100%        5
 Iron Shot                Conj/Erth      0%         9d1       100%        6
 Summon Hydra             Summ           0%         N/A       100%        7


Dungeon Overview and Level Annotations

Branches:
Dungeon (12/15)            Temple (0/1) D:4            Lair (4/6) D:10
    Orc (0/2) D:11
  Swamp: Lair:2-4    Shoals: Lair:2-4     Snake: Lair:2-4    Spider: Lair:2-4

Altars:
Cheibriados
Gozag
Hepliaklqana
Kikubaaqudgha
Makhleb
Nemelex Xobeh
Okawaru
Qazlal
Ru
Sif Muna
Trog
Yredelemnul
The Shining One
Beogh

Shops:
D:8 *

Annotations:
Lair:1 2 transporters, Tikeant's ghost, journeyman DsMo


Innate Abilities, Weirdness & Mutations

You have a pair of horns on your head.
You reflexively headbutt those who attack you in melee.


Message History

You block the 15-headed hydra's attack.
The 15-headed hydra bites you but does no damage. x2
The 15-headed hydra barely misses you. You block the 15-headed hydra's attack.
The 15-headed hydra bites you but does no damage. x2
The 15-headed hydra bites you.
The 15-headed hydra bites you but does no damage. x4
The 15-headed hydra barely misses you. The wyvern bites you!
You are too injured to fight recklessly!
You are too injured to fight recklessly!
You are too injured to fight recklessly!
You are too injured to fight recklessly!
You are too injured to fight recklessly!
You are too injured to fight recklessly!
You are too injured to fight recklessly!
You are too injured to fight recklessly!
You are too injured to fight recklessly!
You are too injured to fight recklessly!
You are too injured to fight recklessly!
You are too injured to fight recklessly!
Okay, then.
You lop one of the 15-headed hydra's heads off!
The 14-headed hydra grows two more!
You slash the 16-headed hydra!
The 16-headed hydra seems to slow down.
You freeze the 16-headed hydra.
The 16-headed hydra is severely wounded.
You closely miss the wyvern.
The wyvern bites you but does no damage.
You block the 16-headed hydra's attack. The 16-headed hydra bites you.
The 16-headed hydra bites you but does no damage.
The 16-headed hydra bites you!
* * * LOW HITPOINT WARNING * * *
You block the 16-headed hydra's attack. The 16-headed hydra bites you.
* * * LOW HITPOINT WARNING * * *
The 16-headed hydra bites you.
* * * LOW HITPOINT WARNING * * *
The 16-headed hydra bites you!
* * * LOW HITPOINT WARNING * * *
The 16-headed hydra bites you but does no damage.
The 16-headed hydra bites you!
You die...
Your body rises from the dead as a mindless zombie.

..# ....
!..?#
....!#####
#..#.....
#.....#
#....[#
#.....###
#<....@.#
#...###.lD.#
... #.#.[.#
.. ###.....
. .....##
....## #....
#...##


You could see a 16-headed hydra (slow) and a wyvern.

Vanquished Creatures
  Gastronok (Lair:2)
  A slime creature (D:12)
  A broodmother (D:12)
  A centaur warrior (D:12)
  2 two-headed ogres
  Amaemon (Lair:2)
  3 deep elf pyromancers (D:12)
  An ugly thing (D:11)
  2 black mambas
  6 cane toads
  An unseen horror (D:11)
  3 gargoyles
  4 komodo dragons
  2 polar bears
  A hornet (D:5)
  2 trolls (D:12)
  A vampire (D:10)
  38 yaks
  8 wyverns
  2 wraiths (D:10)
  A human (D:7)
  2 steam dragons
  2 vampire mosquitoes (D:9)
  2 acid dragons
  2 water moccasins (D:7)
  5 orc warriors
  4 ice beasts
  2 centaurs
  2 phantoms (D:5)
  3 kobold brigands
  7 bullfrogs
  2 scorpions (D:10)
  A necrophage (D:5)
  5 wights (D:9)
  15 killer bees
  7 hounds
  4 iguanas
  A jelly (D:5)
  13 orc priests
  15 orc wizards
  9 gnolls
  7 adders
  A river rat (D:5)
  A shadow imp (D:8)
  2 white imps (D:5)
  An ufetubus (D:5)
  2 worms
  7 dart slugs
  53 orcs
  9 ball pythons
  10 bats
  6 endoplasms
  6 giant cockroaches
  7 goblins
  5 hobgoblins
  7 jackals
  12 kobolds
  5 quokkas
  4 frilled lizards
  A goblin skeleton (D:7)
  A kobold zombie (D:7)
  12 rats
344 creatures vanquished.

Vanquished Creatures (collateral kills)
  A salamander (D:10)
  A cyclops (D:8)
  An orange demon (Lair:2)
  2 cane toads
  A troll (D:8)
  2 polar bears (Lair:3)
  A shadow (D:11)
  21 yaks
  A basilisk (Lair:3)
  A vampire mosquito (D:9)
  A water moccasin (Lair:2)
  A black bear (D:5)
  4 killer bees
  A crimson imp (D:8)
  2 orc wizards (D:9)
  A gnoll (D:4)
  2 adders (D:5)
  6 orcs
  An endoplasm (D:1)
  A hobgoblin (D:1)
  4 jackals
  2 kobolds (D:8)
  A bush (Lair:3)
  A butterfly (Lair:3)
60 creatures vanquished.

Vanquished Creatures (others)
  A spectral slime creature (D:12)
  An elf zombie (D:12)
  A vampire mosquito zombie (D:9)
  A wyvern zombie (D:8)
  A troll zombie (D:12)
  3 yak zombies (D:8)
  A spectral ice beast (D:8)
  A bullfrog zombie (D:8)
  A human zombie (D:7)
  3 killer bee zombies
  An acid dragon zombie (D:8)
  A hound zombie (D:7)
  A steam dragon zombie (D:8)
  An adder zombie (D:5)
  A spectral shadow imp (D:8)
  2 bat zombies
  2 ball python zombies (D:4)
  3 dart slug zombies (D:4)
  A giant cockroach zombie (D:4)
  A gnoll zombie (D:4)
  A goblin zombie (D:3)
  A jackal zombie (D:4)
  6 kobold zombies
  18 orc zombies
  A spectral endoplasm (D:4)
  32 fungi
  56 plants
143 creatures vanquished.

Grand Total: 547 creatures vanquished

Notes
Turn   | Place    | Note
-------+----------+-------------------------------------------
     0 | D:1      | Anon1729 the Minotaur Monk began the quest for the Orb.
     0 | D:1      | Reached XP level 1. HP: 19/19 MP: 0/0
    46 | D:1      | Found a faded altar of an unknown god.
    60 | D:1      | Prayed at the altar of an unknown god.
    60 | D:1      | Became a worshipper of Yredelemnul the Dark
    60 | D:1      | Reached * piety under Yredelemnul
    60 | D:1      | Reached ** piety under Yredelemnul
    85 | D:1      | Reached skill level 1 in Armour
   167 | D:1      | Reached XP level 2. HP: 27/27 MP: 1/1
   392 | D:1      | Reached skill level 4 in Axes
   409 | D:1      | Reached *** piety under Yredelemnul
   585 | D:1      | Reached **** piety under Yredelemnul
   587 | D:1      | Reached skill level 1 in Invocations
   587 | D:1      | Reached XP level 3. HP: 25/33 MP: 2/2
  2009 | D:3      | Reached XP level 4. HP: 37/40 MP: 4/4
  2034 | D:3      | Found a shimmering blue altar of Sif Muna.
  2038 | D:3      | Identified the +4 hand axe "Enairoy" {vorpal, Fragile rF+
                  | Dex+2 SInv}
  2556 | D:3      | Reached XP level 5. HP: 45/46 MP: 5/5
  3332 | D:4      | Reached skill level 5 in Axes
  3429 | D:4      | Reached XP level 6. HP: 53/53 MP: 7/7
  3432 | D:4      | Found a sacrificial altar of Ru.
  3468 | D:4      | Found a staircase to the Ecumenical Temple.
  4083 | D:5      | Entered Level 5 of the Dungeon
  4303 | D:5      | Reached XP level 7. HP: 56/60 MP: 8/8
  4434 | D:5      | Reached skill level 6 in Axes
  4980 | D:5      | Reached skill level 5 in Fighting
  4983 | D:5      | Reached skill level 5 in Armour
  5322 | D:5      | Reached XP level 8. HP: 68/68 MP: 10/10
  5328 | D:5      | Identified the +1 helmet "Vavebuh" {Harm SInv}
  5371 | D:5      | Reached skill level 5 in Dodging
  5411 | D:5      | Noticed a hornet
  5413 | D:5      | Paralysed by a hornet for 2 turns
  5418 | D:5      | Killed a hornet
  5419 | D:5      | Reached skill level 7 in Axes
  5419 | D:5      | Reached skill level 5 in Invocations
  5628 | D:5      | Reached ***** piety under Yredelemnul
  6179 | D:6      | Found a snail-covered altar of Cheibriados.
  6401 | D:7      | Reached XP level 9. HP: 75/75 MP: 12/12
  6403 | D:7      | Found a stormy altar of Qazlal.
  6471 | D:7      | Reached skill level 8 in Axes
  6664 | D:7      | Found a runed translucent door.
  6684 | D:7      | Found a basalt altar of Yredelemnul.
  7986 | D:8      | Reached skill level 9 in Axes
  8453 | D:8      | Reached XP level 10. HP: 49/86 MP: 14/14
  8645 | D:8      | Found an iron altar of Okawaru.
  9260 | D:8      | Reached skill level 10 in Axes
  9270 | D:8      | Noticed a cyclops
  9276 | D:8      | Killed a cyclops
  9472 | D:8      | Found Qeuvvonuhu's Changing Room.
  9505 | D:8      | Found an opulent altar of Gozag.
  9568 | D:8      | Found a burning altar of Makhleb.
 10082 | D:9      | Reached skill level 10 in Armour
 10402 | D:9      | Found a glowing golden altar of the Shining One.
 10419 | D:9      | Noticed a two-headed ogre
 10484 | D:9      | Killed a two-headed ogre
 10485 | D:9      | Reached XP level 11. HP: 94/94 MP: 16/16
 10540 | D:9      | Found a sparkling altar of Nemelex Xobeh.
 10563 | D:9      | Reached skill level 11 in Axes
 10799 | D:9      | Found a hazy altar of Hepliaklqana.
 10937 | D:9      | Found a faded altar of an unknown god.
 11082 | D:9      | Found an ancient bone altar of Kikubaaqudgha.
 11715 | D:10     | Entered Level 10 of the Dungeon
 12730 | D:10     | Found a staircase to the Lair.
 12922 | D:11     | Found a staircase to the Orcish Mines.
 13035 | D:11     | Noticed a two-headed ogre
 13035 | D:11     | Noticed a boulder beetle
 13054 | D:10     | a boulder beetle changed into a salamander
 13409 | D:10     | Killed a two-headed ogre
 13410 | D:10     | Reached skill level 12 in Axes
 13663 | D:11     | Noticed a cyan ugly thing
 13679 | D:11     | Killed a green ugly thing
 13826 | D:11     | Identified the ring of Feg Oxaitso {Fire Str+4 Int+5 Dex-2}
 14535 | D:11     | Identified the +4 mace of the Modern Lives {venom, Fly
                  | rPois}
 14609 | D:11     | Reached skill level 10 in Invocations
 14934 | D:11     | Identified the +0 plate armour "Sixafieh" {rPois rF+ Str+2}
 15028 | D:12     | Noticed a deep elf pyromancer
 15042 | D:12     | Reached XP level 12. HP: 79/104 MP: 18/18
 15773 | D:12     | Noticed a boulder beetle
 16058 | D:12     | Noticed a broodmother
 16058 | D:12     | a boulder beetle changed into a broodmother
 16070 | D:12     | Killed a broodmother
 16312 | D:12     | Noticed a centaur warrior
 16325 | D:12     | Killed a centaur warrior
 16326 | D:12     | Reached skill level 13 in Axes
 16519 | D:12     | Noticed a death knight
 16918 | Lair:1   | Entered Level 1 of the Lair of Beasts
 17061 | Lair:1   | Found a transporter.
 17068 | Lair:1   | Found a bloodstained altar of Trog.
 17069 | Lair:1   | Noticed Tikeant's ghost (journeyman DsMo)
 17073 | Lair:1   | Found a transporter.
 18206 | Lair:2   | Reached skill level 10 in Fighting
 18409 | Lair:2   | Noticed Gastronok
 18432 | Lair:2   | Killed Gastronok
 18783 | Lair:2   | Noticed Amaemon
 18798 | Lair:2   | Killed Amaemon
 18799 | Lair:2   | Reached skill level 14 in Axes
 19747 | Lair:3   | Reached XP level 13. HP: 108/114 MP: 20/20
 20176 | Lair:3   | Reached ****** piety under Yredelemnul
 20701 | Lair:3   | You fall into a shaft and drop 1 floor!
 20712 | Lair:4   | Slain by a 16-headed hydra

Illustrated notes

Levels and vault maps discovered:
D:1:      moated_graveyard_arrival, layout_basic,
          chequers_ecumenical_altar_simple_redux
D:2:      layout_basic
D:3:      layout_loops_ring, lemuel_tele_altar, serial_bayou_lagoon_a
D:4:      layout_basic, hangedman_ru_absence,
          minmay_temple_entry_enclosed_plants, dreamdust_gnoll_farm
D:5:      layout_layer_cave, gup_sewer_entry_spiral, minmay_divided_ellipse
D:6:      layout_basic, kennysheep_slug_shrine
D:7:      layout_loops_corners, dk_yredelemnul_ordeal, old_standard_altar,
          st_stairs_14, kennysheep_generic_room_13
D:8:      layout_gridville, marbit_many_paths, makhleb_grotto_becter,
          amcnicky_altar_gilded, chequers_serial_rivers_micro_d,
          nicolae_transmutations_shop, grunt_ministairs_5,
          amcnicky_mini_rare_corridor_liquid, minmay_misc_feat_cross
D:9:      layout_basic, nicolae_tso_carved_into_rock, lemuel_round_altar,
          beargit_hepliaklqana_dungeon_heroes, lemuel_doored_altar, minivault_1
D:10:     layout_basic, grunt_lair_entry_orc_guard_hut
D:11:     layout_loops_cross, minmay_orc_entry_temple_small, serial_rivers,
          chequers_serial_rivers_large_a, chequers_serial_rivers_micro_d,
          chequers_serial_rivers_small_b, chequers_serial_rivers_micro_a
D:12:     layout_gridville, kennysheep_generic_room_11
Lair:1:   layout_long_grid, gammafunk_ghost_wrathful_warriors,
          small_statue_intersection, nicolae_lair_lil_pond
Lair:2:   layout_misc_corridors, grunt_megastairs_3, lemuel_fruit_fields,
          lemuel_fruit_tree, uniq_gastronok, uniq_amaemon
Lair:3:   layout_cave_pods, dummy_snake_entry, kennysheep_catoblepas_arena,
          lemuel_fruit_fields
Lair:4:   layout_concentric_octagons, minmay_shoals_entry_lonely_mermaid,
          nzn_random_ring, uniq_sonja, uniq_snorg, uniq_nessos

Skill      XL: |  1  2  3  4  5  6  7  8  9 10 11 12 13 |
---------------+----------------------------------------+-----
Armour         | 1 2 3 4 5 6 8 10 11 12 13 | 13.0
Axes           | 4 5 6 7 9 10 12 14 | 14.6
Invocations    | 1 2 3 4 5 7 8 10 11 12 | 12.0
Fighting       | 4 5 6 7 8 9 10 | 10.6
Dodging        | 4 5 6 7 8 |  8.3
Stealth        | |  1.5

Action                   |  1- 3 |  4- 6 |  7- 9 | 10-12 | 13-15 || total
-------------------------+-------+-------+-------+-------+-------++-------
Melee: Hand axe          |    92 |   131 |   284 |   477 |       ||   984
       Headbutt          |    14 |    14 |    60 |   130 |    20 ||   238
       Punch             |       |       |     2 |    11 |     1 ||    14
       War axe           |       |       |       |    90 |    72 ||   162
Invok: Recall Undead Har |     1 |       |     1 |       |       ||     2
Evoke: Wand              |       |       |       |     9 |       ||     9
       Box of beasts     |       |       |       |     1 |       ||     1
  Use: Potion            |       |       |       |     6 |       ||     6
 Stab: Sleeping          |     2 |       |       |       |       ||     2
       Distracted        |       |       |     3 |     5 |     1 ||     9
Armor: Robe              |    19 |       |       |       |       ||    19
       Chain mail        |    15 |    75 |   115 |    98 |       ||   303
       Skin              |       |       |       |     5 |       ||     5
       Plate armour      |       |       |       |    73 |    45 ||   118
Dodge: Dodged            |    61 |    64 |   100 |   222 |    33 ||   480
Block: Other             |       |    12 |    70 |    95 |    17 ||   194
       Reflection        |       |       |     1 |       |       ||     1

Table legend: (Time is in decaauts)
 A = Elapsed time spent in this place.
 B = Non-inter-level travel time spent in this place.
 C = Inter-level travel time spent in this place.
 D = Time resting spent in this place.
 E = Time spent auto-exploring this place.
 F = Levels seen in this place.
 G = Mean time per level.
                   A        B        C        D        E       F      G
               +--------+--------+--------+--------+--------+-----+--------+
         Total |  20628 |  20166 |    462 |   2047 |  15732 |  16 | 1289.2 |
       Dungeon |  16875 |  16435 |    440 |   1934 |  12409 |  12 | 1406.2 |
          Lair |   3752 |   3730 |     22 |    113 |   3323 |   4 |  938.0 |
               +--------+--------+--------+--------+--------+-----+--------+

Top non-repeatable levels by time:
     D:8: 1885 daAuts
     D:9: 1805 daAuts
    D:10: 1788 daAuts
    D:11: 1747 daAuts
     D:5: 1739 daAuts
     D:7: 1713 daAuts
    D:12: 1614 daAuts
  Lair:2: 1343 daAuts
     D:2: 1301 daAuts
  Lair:1: 1265 daAuts
  Lair:3: 1135 daAuts
     D:3: 1012 daAuts
     D:1: 919 daAuts
     D:4: 878 daAuts
     D:6: 471 daAuts
